 Dungeon Crawl Stone Soup version 0.27.1-2-g3b301248ec (webtiles) character file.

Game seed: 14417780318501456991

168 jfcaron the Magician (level 5, -4/35 HPs)
             Began as a Djinni Air Elementalist on Sept 23, 2021.
             Killed by divine providence
             ... invoked by an orc priest
              (12 damage)
             ... on level 3 of the Dungeon.
             The game lasted 00:09:16 (3689 turns).

jfcaron the Magician (Djinni Air Elementalist)      Turns: 3689, Time: 00:09:17

Health: -4/35      AC:  2    Str:  7    XL:     5   Next: 77%
Gold:   62         EV: 16    Int: 18    God:
                   SH:  0    Dex: 13

rFire    + + .     SeeInvis .   h - +0 dagger
rCold    x . .     Faith    .   (no shield)
rNeg     . . .     Spirit   .   a - +0 robe
rPois    ∞         Reflect  .   (no helmet)
rElec    .         Harm     .   m - scarf {repulsion}
rCorr    .         Rampage  .   (no gloves)
Will     +....                  (boots unavailable)
Stlth    ++........             (no amulet)
HPRegen  0.11/turn              e - ring "Yvailij" {Will+ EV+4}
MPRegen  0.00/turn              (no ring)

@: sluggish, flying, repel missiles, very slow
A: sickness immunity, fire resistance 2, cold vulnerability 1, float, innate
caster, hp casting, extra vitality 1
a: no special abilities


You were on level 3 of the Dungeon.
You visited 1 branch of the dungeon, and saw 3 of its levels.

You collected 62 gold pieces.

Inventory:

Hand Weapons
 h - a +0 dagger (weapon)
Missiles
 b - 79 stones
 d - 40 arrows
Armour
 a - a +0 robe (worn)
 m - a scarf of repulsion (worn)
Jewellery
 e - the ring "Yvailij" (left hand) {Will+ EV+4}
   (You acquired it on level 2 of the Dungeon)

   [ring of evasion]

   EV:        It affects your evasion (+4).
   Will:      It increases your willpower.
Scrolls
 f - a scroll of identify {unknown}
Potions
 g - a potion of mutation {unknown}
 j - a potion of flight {unknown}
 k - a potion of lignification {unknown}
 l - 4 potions of might {unknown}
 o - a potion of haste {unknown}


   Skills:
 - Level 2.6 Dodging
 - Level 2.0 Stealth
 + Level 4.3 Spellcasting


You couldn't memorise any spells.
You knew the following spells:

 Your Spells              Type           Power      Damage    Failure   Level
a - Shock                 Conj/Air       76%        1d7       2%          1
b - Static Discharge      Conj/Air       19%        N/A       3%          2
c - Swiftness             Air            19%        N/A       7%          3
d - Airstrike             Air            9%         N/A       24%         4
e - Animate Skeleton      Necr           38%        N/A       2%          1
f - Ensorcelled Hibernat  Hex/Ice        38%        N/A       3%          2
Your spell library was empty.

Dungeon Overview and Level Annotations

Branches:
Dungeon (3/15)

Altars:


Innate Abilities, Weirdness & Mutations

You are immune to sickness and miasma.
You are immune to poison.
Your flesh is very heat resistant. (rF++)
You are vulnerable to cold. (rC-)
You float through the air rather than walking.
You learn spells naturally, not from books.
Your magical power is your life essence.
You have superior vitality. (+4 HP)


Message History

There is a strange disturbance nearby!
Casting: Shock (safe; 2% risk of failure)
Confirm with . or Enter, or press ? or * to list all spells.
You can't see any susceptible monsters within range! (Use Z to cast anyway.)
Casting: Shock (safe; 2% risk of failure)
Confirm with . or Enter, or press ? or * to list all spells.
Something is struck by an arc of lightning.
You are struck by an arc of lightning.
* * * LOW HITPOINT WARNING * * *
The lightning grounds out.
* * * LOW HITPOINT WARNING * * *
An orc priest comes into view. It is wielding a +0 club.
Something closely misses you.
Casting: Static Discharge (safe; 3% risk of failure)
Confirm with . or Enter, or press ? or * to list all spells.
Something is struck by an arc of lightning.
Reactivating autopickup.
You feel a bit more experienced.
You are struck by an arc of lightning.
* * * LOW HITPOINT WARNING * * *
The lightning grounds out.
The orc priest shouts!
* * * LOW HITPOINT WARNING * * *
Casting: Static Discharge (safe; 3% risk of failure)
Confirm with . or Enter, or press ? or * to list all spells.
You feel quick.
* * * LOW HITPOINT WARNING * * *
An orc priest is nearby!
You start to feel a little slower.
You feel sluggish.
You see here a hobgoblin corpse.
Casting: Swiftness (dangerous; 7% risk of failure)
Confirm with . or Enter, or press ? or * to list all spells.
You attempt to give life to the dead...
Before your eyes, flesh is ripped from the corpse!
The dead are walking!
* * * LOW HITPOINT WARNING * * *
You swap places.
The orc priest calls down the wrath of Beogh upon you.
Beogh smites you!
You die...

#.# # #.# #.# #. #.#
#.# #.#### #.# #.###
....## #.# #...o #
#...# #.# #####
#.#.<.###.######
#.......#...>..#
#.....[..@Z....#
#..............#
.................#
#####...##.#.....###
######
###.##.#####...##
#..... #.##.#
#..o..###.####
#.##.# #.........#
#.##.# #.....#####
#...........#


You could see an orc priest and a friendly hobgoblin skeleton.

Vanquished Creatures
  Jessica (D:2)
  An orc wizard (D:3)
  4 adders (D:2)
  2 worms (D:2)
  3 dart slugs
  3 orcs (D:3)
  6 bats
  8 endoplasms
  A giant cockroach (D:2)
  6 goblins
  5 hobgoblins
  7 kobolds
  4 quokkas
  3 ball pythons (D:1)
  6 frilled lizards
  5 rats
65 creatures vanquished.

Notes
Turn   | Place    | Note
-------+----------+-------------------------------------------
     0 | D:1      | jfcaron the Djinni Air Elementalist began the quest for the
                  | Orb.
     0 | D:1      | Reached XP level 1. HP: 15/15 MP: 0/0
   188 | D:1      | Reached XP level 2. HP: 17/21 MP: 0/0
   783 | D:1      | Reached XP level 3. HP: 21/25 MP: 0/0
   783 | D:1      | Learned a level 1 spell: Animate Skeleton
  1081 | D:1      | Reached skill level 3 in Spellcasting
  1726 | D:2      | Reached XP level 4. HP: 29/31 MP: 0/0
  2136 | D:2      | Identified a scroll of acquirement
  2136 | D:2      | Acquired the ring "Yvailij" {Will+ EV+4}
  2153 | D:2      | Noticed Jessica
  2169 | D:2      | Killed Jessica
  2170 | D:2      | Reached XP level 5. HP: 27/35 MP: 0/0
  2170 | D:2      | Learned a level 2 spell: Ensorcelled Hibernation
  2487 | D:2      | Reached skill level 4 in Spellcasting
  3640 | D:3      | HP: 6/35 [something (3)]
  3641 | D:3      | HP: 2/35 [something (3)]
  3689 | D:3      | Killed from afar by an orc priest

Illustrated notes

Levels and vault maps discovered:
D:1:      psy_arrival_statuary, layout_loops_ring, st_stairs_14
D:2:      layout_basic, fountainhead, uniq_jessica
D:3:      layout_loops_ring, minitemple, shapermc_ecumenical_altar_notcrosses,
          uniq_robin, uniq_grinder

Skill      XL: |  1  2  3  4  5 |
---------------+----------------+-----
Stealth        | 2 |  2.0
Spellcasting   | 3 4 |  4.3
Dodging        | |  2.6

Action                   |  1- 3 |  4- 6 || total
-------------------------+-------+-------++-------
Melee: Unarmed           |     6 |       ||     6
       Dagger            |     7 |     6 ||    13
 Cast: Shock             |    72 |    62 ||   134
       Animate Skeleton  |     4 |    10 ||    14
       Static Discharge  |       |    20 ||    20
       Swiftness         |       |     2 ||     2
       Ensorcelled Hiber |       |     1 ||     1
  Use: Scroll            |       |     4 ||     4
       Potion            |       |     2 ||     2
 Stab: Sleeping          |       |     3 ||     3
Armor: Robe              |     5 |     2 ||     7
Dodge: Dodged            |    14 |    17 ||    31
